AoeStats
← NInJA

Arena

511061444Analyzed
1v1 RM · 7h ago on Oct 3, 2026· 38m 51s· 2 players
Game mode
Random Map
Map size
Tiny (2 player)
Population
200
Speed
Normal
Resources
Standard
Victory
Conquest
Starting age
Dark Age
Ending age
Imperial Age
RankedLock teamsTeams togetherTeam positionsShared explorationLock speedFull tech treeHidden civsTurbo modeCheats
Victory
Defeat
🇩🇪 Britons · Germany
1117
+15
🇹🇼 Burgundians · Taiwan
1096
-15
minminwang.design
5:51 Double-Bit Axe
11:05 Feudal Age
10:29 Loom
15:32 Castle Age
13:24 Horse Collar
15:40 Light Cavalry
16:23 Heavy Plow
16:39 Bow Saw
20:07 Wheelbarrow
23:51 Crop Rotation
26:29 Imperial Age
24:05 Town Watch
24:36 Hand Cart
24:38 Husbandry
23:58 Cavalier
25:59 Scale Barding Armor
26:52 Forging
28:56 Chemistry
28:09 Paladin
29:51 Chain Barding Armor
30:45 Ballistics
32:12 Plate Barding Armor
32:40 Iron Casting
31:56 Fletching
35:13 Elite Skirmisher
35:58 Padded Archer Armor
36:18 Masonry
37:13 Two-Man Saw
36:21 Bodkin Arrow
37:22 Bracer
NInJA
10:48 Feudal Age
12:25 Double-Bit Axe
12:22 Horse Collar
14:53 Castle Age
17:04 Loom
18:45 Bow Saw
19:03 Heavy Plow
22:40 Fletching
23:31 Gold Mining
23:31 Stone Mining
23:39 Town Watch
25:14 Wheelbarrow
25:16 Bodkin Arrow
25:22 Padded Archer Armor
25:51 Ballistics
25:49 Crossbowman
30:26 Imperial Age
29:06 Pikeman
29:46 Squires
30:07 Leather Archer Armor
29:53 Scale Mail Armor
30:03 Forging
32:23 Chemistry
31:27 Bracer
32:09 Arbalester
33:29 Ring Archer Armor
34:21 Yeomen
35:40 Chain Mail Armor
35:36 Forging
36:19 Halberdier
37:22 Masonry
37:36 Conscription
37:58 Hand Cart
37:43 Town Patrol
38:34 Warwolf
Connection lost

Rejoining the realm…

Still unreachable

The connection could not be restored.

Session expired

The server has moved on; the page needs a fresh start.